 Dungeon Crawl Stone Soup version 0.31-a0-152-g6aa68a64a1 (webtiles) character file.

Game seed: 9570776440278985154

184 ptdevnull the Conjurer (level 5, -1/29 HPs)
             Began as a Deep Elf Conjurer on June 10, 2023.
             Slain by a yak (7 damage)
             ... on level 4 of the Dungeon.
             The game lasted 00:06:33 (4051 turns).

ptdevnull the Conjurer (Deep Elf Conjurer)          Turns: 4051, Time: 00:06:33

Health: -1/29      AC:  3    Str:  4    XL:     5   Next: 36%
Magic:  0/13       EV: 13    Int: 25    God:
Gold:   288        SH:  0    Dex: 13    Spells: 2/13 levels left

rFire   . . .        k - +0 dagger
rCold   . . .        (no shield)
rNeg    . . .        a - +1 robe
rPois   .            (no helmet)
rElec   .            (no cloak)
rCorr   .            (no gloves)
SInv    +            (no boots)
Will    +....        (no amulet)
Stlth   ++           g - ring of see invisible
HPRegen 0.24/turn    l - ring of willpower
MPRegen 0.13/turn

%: no passive effects
@: no status effects
A: no striking features
a: no special abilities


You were on level 4 of the Dungeon.
You visited 1 branch of the dungeon, and saw 4 of its levels.

You collected 288 gold pieces.

Inventory:

Hand Weapons
 k - a +0 dagger (weapon)
Armour
 a - a +1 robe (worn)
Jewellery
 g - a ring of see invisible (left hand)
 h - a ring of ice
 l - a ring of willpower (right hand)
Wands
 s - a wand of digging (2)
Scrolls
 c - 5 scrolls of enchant armour
 i - 2 scrolls of silence {unknown}
 j - a scroll of vulnerability {unknown}
 m - a scroll of noise {unknown}
 n - a scroll of blinking {unknown}
 p - a scroll of fog {unknown}
 q - a scroll of fear {unknown}
 r - a scroll of identify {unknown}
 t - a scroll of magic mapping {unknown}
 u - a scroll of teleportation {unknown}
 v - a scroll of amnesia {unknown}
Potions
 b - a potion of magic
 d - a potion of enlightenment {unknown}
 e - a potion of mutation {unknown}
 f - a potion of might {unknown}
 o - 3 potions of brilliance {unknown}


   Skills:
 - Level 1.4 Fighting
 - Level 3.5 Dodging
 - Level 2.4 Stealth
 + Level 4.6 Spellcasting
 + Level 5.3 Conjurations
 + Level 1.9 Hexes


You had 2 spell levels left.
You knew the following spells:

 Your Spells              Type           Power      Damage    Failure   Level
a - Magic Dart            Conj           100%       1d8       1%          1
b - Searing Ray           Conj           64%        2d6       1%          2
c - Fulminant Prism       Conj/Hex       12%        3d8       19%         4
d - Iskenderun's Mystic   Conj/Tloc      19%        2d6       28%         4

Your spell library contained the following spells:

 Spells                   Type           Power      Damage    Failure   Level
 Shock                    Conj/Air       76%        1d7       2%          1
 Dazzling Flash           Conj/Hex       48%        N/A       6%          3
 Swiftness                Air            5%         N/A       26%         3
 Airstrike                Air            2%         2d(1-17)  65%         4


Dungeon Overview and Level Annotations

Branches:
Dungeon (4/15)
 Temple: D:4-7

Altars:

Annotations:
D:4 3 runed translucent doors, knightboat's ghost, novice DsTm


Message History

The blast of energy engulfs the yak!!
The yak is heavily wounded.
The blast of energy engulfs the yak!
The yak is lightly wounded.
There is an open door here.
Unknown command.
Casting: Fulminant Prism (extremely dangerous; 19% risk of failure)
Confirm with . or Enter, or press ? or * to list all spells.
The spell is extremely dangerous to miscast (19% risk of failure)!
Continue anyway?
Aiming: Fulminant Prism (extremely dangerous; 19% risk of failure)
Press: ? - help, Dir - move target You conjure a prism of explosive energy!
A fulminant prism comes into view.
Unknown command.
You hear a loud crackle.
Unknown command.
You hear an explosion!
The blast of energy engulfs the yak.
The yak is moderately wounded.
The blast of energy engulfs the yak!
The yak is almost dead.
Unknown command.
Casting: Fulminant Prism (extremely dangerous; 19% risk of failure)
Confirm with . or Enter, or press ? or * to list all spells.
Aiming: Searing Ray (safe; 1% risk of failure)
Press: ? - help, Shift-Dir - straight line, f - yak
Aim: a yak (almost dead, 88% to hit)
The searing ray hits the yak.
The yak is almost dead. (Press . to maintain the ray.) Unknown command.
Without enough magic to sustain it, your searing ray dissipates.
The yak gores you!
Ouch! That really hurt!
As you read the scroll labelled EBEALI SAMAARIRGHE, it crumbles to dust.
It is a scroll of enchant armour.
Your +0 robe glows green for a moment.
The yak gores you!
* * * LOW HITPOINT WARNING * * *
The yak gores you!
You die...

####'####.Y.########..
#.........#.........
#.........#......... ###
#.........#.........
#.#####..*##...##....##..
####....##'######+##.....###
##..#....#.........##.....#
#........#.YY......##....##
#####.......#..@.........^...#
##..##.......#...........)...####
#............#...>.....##....##..
#...##..##.)########...##....##..
#...##..##..###...##...)...).....
##..##...#.......................
....##...'.............##....##..
....##..##...(.........##....##..
....##..##..................<##..


You could see 2 yaks.

Vanquished Creatures
  5 adders
  5 gnolls
  3 worms (D:2)
  6 orcs (D:4)
  3 ball pythons
  8 bats
  8 endoplasms
  5 giant cockroaches
  5 goblins
  7 hobgoblins
  4 jackals (D:1)
  2 quokkas
  6 frilled lizards
  5 kobolds
  4 rats (D:1)
76 creatures vanquished.

Vanquished Creatures (others)
  4 fulminant prisms (D:4)
4 creatures vanquished.

Grand Total: 80 creatures vanquished

Notes
Turn   | Place    | Note
-------+----------+-------------------------------------------
     0 | D:1      | ptdevnull the Deep Elf Conjurer began the quest for the
                  | Orb.
     0 | D:1      | Reached XP level 1. HP: 10/10 MP: 6/6
    54 | D:1      | Found a faded altar of an unknown god.
   295 | D:1      | Reached XP level 2. HP: 16/16 MP: 6/8
   691 | D:1      | Reached skill level 1 in Fighting
   691 | D:1      | Reached XP level 3. HP: 20/20 MP: 5/10
  1248 | D:1      | Learned a level 2 spell: Searing Ray
  1809 | D:2      | Reached XP level 4. HP: 25/25 MP: 2/11
  1822 | D:2      | Reached skill level 5 in Conjurations
  2206 | D:2      | Learned a level 4 spell: Fulminant Prism
  2211 | D:2      | Learned a level 4 spell: Iskenderun's Mystic Blast
  2533 | D:2      | Reached skill level 1 in Hexes
  2647 | D:3      | Reached XP level 5. HP: 29/29 MP: 11/13
  3637 | D:4      | Noticed a yak
  3639 | D:4      | Noticed a yak
  3775 | D:4      | Found a runed translucent gate.
  3776 | D:4      | Found a runed translucent gate.
  3777 | D:4      | Found a runed translucent gate.
  3777 | D:4      | Noticed knightboat's ghost (novice DsTm)
  3781 | D:4      | Identified the +9 short sword of Bankruptcy {flame, Contam
                  | rElec rPois rCorr}
  4037 | D:4      | Noticed a yak
  4039 | D:4      | Noticed a yak
  4042 | D:4      | Noticed a yak
  4051 | D:4      | Slain by a yak

Illustrated notes

Levels and vault maps discovered:
D:1:      nicolae_arrival_washed_ashore, layout_loops_ring,
          shapermc_ecumenical_altar_acropolis
D:2:      layout_basic
D:3:      layout_basic
D:4:      layout_gridville, biasface_ghost_orc_armoury

Skill      XL: |  1  2  3  4 |
---------------+-------------+-----
Fighting       | 1 |  1.4
Dodging        | 3 |  3.5
Conjurations   | 5 |  5.3
Spellcasting   | 4 |  4.6
Hexes          | 1 |  1.9
Stealth        | |  2.4

Action                     |  1- 3 |  4- 6 || total
---------------------------+-------+-------++-------
  Melee: Dagger            |       |     4 ||     4
   Cast: Magic Dart        |    72 |    73 ||   145
         Searing Ray       |     7 |     5 ||    12
         Fulminant Prism   |       |     4 ||     4
    Use: Scroll            |       |     1 ||     1
 Armour: Robe              |     1 |       ||     1
  Dodge: Dodged            |     4 |     6 ||    10

Table legend: (Time is in decaauts)
 A = Elapsed time spent in this place.
 B = Non-inter-level travel time spent in this place.
 C = Inter-level travel time spent in this place.
 D = Time resting spent in this place.
 E = Time spent auto-exploring this place.
 F = Levels seen in this place.
 G = Mean time per level.
                   A        B        C        D        E       F      G
               +--------+--------+--------+--------+--------+-----+--------+
         Total |   4053 |   3814 |    239 |      0 |   3449 |   4 | 1013.2 |
       Dungeon |   4053 |   3814 |    239 |      0 |   3449 |   4 | 1013.2 |
               +--------+--------+--------+--------+--------+-----+--------+

Top non-repeatable levels by time:
     D:1: 1527 daAuts
     D:2: 1055 daAuts
     D:4: 792 daAuts
     D:3: 678 daAuts
